 Dungeon Crawl Stone Soup version 0.20-a0-736-gd3249da (webtiles) character file.

266 KrozogBurug the Conjurer (level 6, 0/53 HPs)
             Began as an Ogre Wizard on Feb 23, 2017.
             Slain by a quasit (2 damage)
             ... summoned by Eustachio
             ... on level 4 of the Dungeon.
             The game lasted 00:18:33 (7024 turns).

KrozogBurug the Conjurer (Ogre Wizard)              Turns: 7024, Time: 00:18:34

Health: 0/53       AC:  3    Str: 12    XL:     6   Next: 20%
Magic:  7/12       EV: 10    Int: 21    God:
Gold:   135        SH:  0    Dex:  7    Spells: 4/13 levels left

rFire    + . .     SeeInvis .   o - +0 flail
rCold    + . .     Gourm    .   a - +0 robe
rNeg     . . .     Faith    .   (no shield)
rPois    .         Spirit   .   b - +0 hat
rElec    .         Reflect  .   g - scarf {rC+ rF+}
rCorr    .         Harm     .   (gloves unavailable)
MR       +....                  (boots unavailable)
Stlth    +.........             (no amulet)
Regen    0.2/turn               (no ring)
MPRegen  0.2/turn               j - ring of protection from magic

@: confused
A: unfitting armour, tough skin 1
a: no special abilities


You were on level 4 of the Dungeon.
You were hungry.

You visited 1 branch of the dungeon, and saw 4 of its levels.

You collected 135 gold pieces.

Inventory:

Hand Weapons
 o - a +0 flail (weapon)
Missiles
 h - 13 javelins (quivered)
 k - a throwing net
Armour
 a - a +0 robe (worn)
 b - a +0 hat (worn)
 g - a scarf of resistance (worn)
Jewellery
 j - a ring of protection from magic (left hand)
Scrolls
 e - a scroll of magic mapping {unknown}
 i - a scroll of enchant weapon
 m - a scroll of fog
Potions
 p - a potion of flight
Books
 c - a book of Minor Magic

   Spells                             Type                      Level
   a - Magic Dart                     Conjuration                  1
   b - Blink                          Translocation                2
   c - Call Imp                       Summoning                    2
   d - Slow                           Hexes                        2
   e - Conjure Flame                  Conjuration/Fire             3
   f - Mephitic Cloud                 Conjuration/Poison/Air       3
Comestibles
 d - 3 bread rations
 l - a fruit


   Skills:
 - Level 1.7 Dodging
 - Level 1.4 Stealth
 - Level 4.0 Spellcasting
 - Level 4.0 Conjurations
   Level 0.8 Summonings
 - Level 0.8 Translocations
 - Level 3.1 Air Magic
 + Level 0.5 Poison Magic


You had 4 spell levels left.
You knew the following spells:

 Your Spells              Type           Power        Failure   Level  Hunger
a - Magic Dart            Conj           ###.         1%          1    None
b - Blink                 Tloc           N/A          14%         2    #......
c - Mephitic Cloud        Conj/Pois/Air  ##......     14%         3    ###....
d - Conjure Flame         Conj/Fire      ##......     17%         3    ###....


Dungeon Overview and Level Annotations

Branches:
Dungeon (4/15)
 Temple: D:4-7

Altars:
Kikubaaqudgha
Ru
Sif Muna

Annotations:
D:3 morra's ghost, amateur DrTm
D:4 Eustachio; M4edhros's ghost, amateur OpAr


Innate Abilities, Weirdness & Mutations

You are too large for most types of armour.
You have tough skin. (AC +1)


Message History

Eustachio gestures wildly while chanting.
Unknown command.
Press: ? - help, v - describe, . - travel
Here: Eustachio, wielding a rapier and wearing a dyed leather armour (noxious fumes, lightly wounded)
The floor.
Unknown command.
Okay, then.
You're too confused!
Unknown command.
You miss Eustachio.
Eustachio is lightly wounded.
You are engulfed in noxious fumes.
You choke on the stench!
You are more confused.
* * * LOW HITPOINT WARNING * * *
Eustachio hits you with a rapier!
* * * LOW HITPOINT WARNING * * *
The quasit closely misses you. The quasit claws you.
* * * LOW HITPOINT WARNING * * *
The quasit claws you.
You die...

### .. #.
#r########
#b5@@ยง5..#
########.#
#.#####
#....<#
#######


You could see Eustachio, a quasit, a river rat, a shadow imp and a bat.

Vanquished Creatures
  An orc priest (D:3)
  6 adders
  3 gnolls (D:2)
  A shadow imp (D:3)
  An ooze (D:1)
  A worm (D:3)
  3 dart slugs
  6 leopard geckos
  6 orcs
  2 giant cockroaches
  14 goblins
  14 hobgoblins
  18 jackals
  2 quokkas
  3 ball pythons (D:2)
  12 bats
  4 frilled lizards
  9 kobolds
  7 rats
113 creatures vanquished.

Notes
Turn   | Place    | Note
-------+----------+-------------------------------------------
     0 | D:1      | KrozogBurug the Ogre Wizard began the quest for the Orb.
     0 | D:1      | Reached XP level 1. HP: 16/16 MP: 5/5
     4 | D:1      | Reached skill level 1 in Conjurations
   165 | D:1      | Reached XP level 2. HP: 24/24 MP: 3/6
   197 | D:1      | Learned a level 2 spell: Blink
   810 | D:1      | Reached XP level 3. HP: 31/31 MP: 5/8
   900 | D:1      | Learned a level 3 spell: Mephitic Cloud
   904 | D:1      | Learned a level 3 spell: Conjure Flame
  2627 | D:2      | Reached XP level 4. HP: 39/39 MP: 3/9
  4564 | D:2      | Found a sacrificial altar of Ru.
  4590 | D:2      | Reached XP level 5. HP: 43/45 MP: 3/11
  4747 | D:2      | Found an ancient bone altar of Kikubaaqudgha.
  4778 | D:2      | Reached skill level 1 in Air Magic
  5345 | D:2      | Found a sacrificial altar of Ru.
  5434 | D:2      | Found an ancient bone altar of Kikubaaqudgha.
  5682 | D:2      | Found an ancient bone altar of Kikubaaqudgha.
  6025 | D:3      | Noticed morra's ghost (amateur DrTm)
  6263 | D:3      | Found a deep blue altar of Sif Muna.
  6514 | D:3      | Reached XP level 6. HP: 40/53 MP: 9/12
  6925 | D:4      | Noticed M4edhros's ghost (amateur OpAr)
  7013 | D:4      | Noticed Eustachio
  7024 | D:4      | HP: 2/53 [quasit[Eustachio] (1)]
  7024 | D:4      | Slain by a quasit

Vault maps used:
D:1:      ncdulo_halloftheorcs
D:2:      lemuel_round_altar, nicolae_ru_path_of_blood
D:3:      nicolae_overflow_crystal_walls
D:4:      chequers_temple_overflow_statue_of_worship, kennysheep_generic_room_9,
          uniq_eustachio

Skill      XL: |  1  2  3  4  5  6 |
---------------+-------------------+-----
Conjurations   | 1 2 3 4 |  4.0
Spellcasting   | 4 |  4.0
Air Magic      | 2 3 |  3.1
Dodging        | |  1.7
Stealth        | |  1.4
Summonings     | |  0.8
Translocations | |  0.8
Poison Magic   | |  0.5

Action                   |  1- 3 |  4- 6 || total
-------------------------+-------+-------++-------
Melee: Club              |    42 |    27 ||    69
       Flail             |       |    89 ||    89
 Cast: Magic Dart        |    83 |   170 ||   253
       Conjure Flame     |       |     1 ||     1
       Mephitic Cloud    |       |     1 ||     1
  Use: Scroll            |     1 |     7 ||     8
       Potion            |       |     1 ||     1
 Stab: Sleeping          |       |     1 ||     1
  Eat: Chunk             |     3 |    11 ||    14
       Bread ration      |     1 |       ||     1
Armor: Robe              |    13 |    65 ||    78
Dodge: Dodged            |    37 |   148 ||   185
